[Event "Titled Tuesday Blitz March 08 Late 2022"]
[White "Maltsevskaya, Aleksandra"]
[Black "Ozates, Tuna"]
[WhiteFideId "24174041"]
[BlackFideId "6354521"]
[WhiteElo "2605"]
[BlackElo "2397"]
[Result "1-0"]
[Round "04"]
[TimeControl "180+1"]
[Date "2022.03.09"]
[WhiteClock "0:01:49"]
[BlackClock "0:00:38"]

1. e4 c5 2. Nf3 Nc6 3. d4 cxd4 4. Nxd4 e5 5. Nb5 d6 6. N1c3 a6 7. Na3 b5 8. Nd5 Nge7 9. c3 Nd4 10. cxd4 Nxd5 11. exd5 exd4 12. Bd3 Be7 13. O-O O-O 14. Nc2 Bf6 15. a4 Bb7 16. axb5 Bxd5 17. Rxa6 Rxa6 18. bxa6 Qa8 19. f3 Rc8 20. Re1 Bh4 21. Re2 g6 22. Nb4 Bb3 23. Bc2 Qa7 24. Bxb3 d3+ 25. Re3 Bg5 26. Nd5 Rc5 27. f4 Rxd5 28. Bxd5 Bxf4 29. Qxd3 Qc5 30. Bd2 1-0


[Site "https://www.chess.com"]

[Event "Titled Tuesday Blitz March 08 Late 2022"]
[White "Mangialardo, Tiago Carvalho"]
[Black "Zakharov, Alexander S."]
[WhiteFideId "2130718"]
[BlackFideId "4120132"]
[WhiteElo "2082"]
[BlackElo "2417"]
[Result "1-0"]
[Round "04"]
[TimeControl "180+1"]
[Date "2022.03.09"]
[WhiteClock "0:00:13"]
[BlackClock "0:00:06"]

1. Nf3 d5 2. d4 Nf6 3. c4 dxc4 4. Bf4 g6 5. e3 Bg7 6. Bxc4 O-O 7. O-O Ne4 8. Nbd2 Nd6 9. Bb3 b5 10. Ne5 Bb7 11. Ndf3 a5 12. a3 a4 13. Ba2 Na6 14. Rc1 c5 15. dxc5 Nc4 16. Bxc4 bxc4 17. c6 Bc8 18. Rxc4 Qb6 19. Qc2 Be6 20. Rxa4 Bb3 21. Qe4 Nc5 22. Rb4 Qa6 23. Qd4 Ne6 24. Qd3 Qxd3 25. Nxd3 Bc2 26. Nde5 f6 27. Nd7 Rfc8 28. Nb6 Rxc6 29. Nxa8 Nxf4 30. exf4 e6 31. Nd4 Rd6 32. Nxc2 1-0


[Site "https://www.chess.com"]

[Event "Titled Tuesday Blitz March 08 Late 2022"]
[White "Manukyan, Sargis A."]
[Black "Todorovic, Bojan"]
[WhiteFideId "13303970"]
[BlackFideId "917087"]
[WhiteElo "2523"]
[BlackElo "2373"]
[Result "1-0"]
[Round "04"]
[TimeControl "180+1"]
[Date "2022.03.09"]
[WhiteClock "0:01:09"]
[BlackClock "0:00:09"]

1. d4 Nf6 2. c4 e6 3. Nc3 Bb4 4. a3 Bxc3+ 5. bxc3 b6 6. e3 Nc6 7. Bd3 Ba6 8. e4 e5 9. Ne2 Qe7 10. Qc2 O-O 11. O-O d6 12. f4 h6 13. fxe5 dxe5 14. Ng3 exd4 15. Nf5 Qe5 16. Bf4 Qc5 17. Bxh6 dxc3+ 18. Kh1 Nd4 19. Qxc3 Nxf5 20. Rxf5 Qe7 21. Raf1 Rfe8 22. Bxg7 Kxg7 23. Rxf6 Qe5 24. Rxf7+ Kg8 25. Qe1 Re6 26. Qh4 Rg6 27. Qh7# 1-0


[Site "https://www.chess.com"]

[Event "Titled Tuesday Blitz March 08 Late 2022"]
[White "Martins, Carlos"]
[Black "Rudzinska, Michalina"]
[WhiteFideId "2101688"]
[BlackFideId "1172883"]
[WhiteElo "2183"]
[BlackElo "1904"]
[Result "1-0"]
[Round "04"]
[TimeControl "180+1"]
[Date "2022.03.09"]
[WhiteClock "0:00:37"]
[BlackClock "0:00:44"]

1. e4 c5 2. Nf3 e6 3. d4 cxd4 4. Nxd4 a6 5. Bd3 Nf6 6. O-O Qc7 7. Qe2 d6 8. f4 Nbd7 9. Kh1 Be7 10. Nd2 O-O 11. N2f3 b6 12. e5 Nd5 13. c3 Bb7 14. Bd2 g6 15. Rae1 Rfe8 16. Qf2 Rad8 17. Ng5 Bxg5 18. fxg5 Nxe5 19. Be4 Rf8 20. Qh4 Ne7 21. Bxb7 Qxb7 22. Re3 Nf5 23. Nxf5 exf5 24. Rh3 f6 25. gxf6 Rd7 26. Bh6 Re8 27. Bg7 Rxg7 28. fxg7 Qxg7 29. Rg3 Ng4 30. h3 Ne3 31. Re1 Nxg2 32. Rxe8+ Kf7 33. Qe7# 1-0


[Site "https://www.chess.com"]

[Event "Titled Tuesday Blitz March 08 Late 2022"]
[White "Maze, Sebastien"]
[Black "Xiong, Jeffery"]
[WhiteFideId "613762"]
[BlackFideId "2047640"]
[WhiteElo "2430"]
[BlackElo "2727"]
[Result "0-1"]
[Round "04"]
[TimeControl "180+1"]
[Date "2022.03.08"]
[WhiteClock "0:00:05"]
[BlackClock "0:01:30"]

1. e4 c5 2. Nf3 d6 3. Bb5+ Nc6 4. O-O Bd7 5. Re1 Nf6 6. c3 a6 7. Bf1 Bg4 8. h3 Bxf3 9. Qxf3 e6 10. d3 Be7 11. Qd1 O-O 12. Nd2 b5 13. Nf3 d5 14. e5 Nd7 15. d4 b4 16. Bd3 Qa5 17. Bg5 h6 18. Bxe7 Nxe7 19. Bc2 Rfc8 20. Qd3 Nf8 21. g4 Neg6 22. Qe3 bxc3 23. Bxg6 Nxg6 24. bxc3 cxd4 25. cxd4 Rc3 26. Qd2 Qa3 27. Re3 Rac8 28. Rae1 Nf4 29. Rxc3 Rxc3 30. Qxf4 Rxf3 31. Qd2 Rxh3 32. Re3 Rxe3 33. fxe3 a5 34. Kf2 Qb4 35. Qc2 Qc4 36. Qb1 a4 37. Qb8+ Kh7 38. Qe8 Qxa2+ 39. Kf3 Kg6 0-1


[Site "https://www.chess.com"]

[Event "Titled Tuesday Blitz March 08 Late 2022"]
[White "McNeill, Gordon"]
[Black "Espinosa, Pedro"]
[WhiteFideId "30920760"]
[BlackFideId "30921066"]
[WhiteElo "2252"]
[BlackElo "1696"]
[Result "1-0"]
[Round "04"]
[TimeControl "180+1"]
[Date "2022.03.09"]
[WhiteClock "0:00:16"]
[BlackClock "0:00:10"]

1. e4 c5 2. Nf3 d6 3. d4 cxd4 4. Nxd4 Nf6 5. Nc3 Nc6 6. g3 g6 7. Bg2 Bg7 8. Be3 O-O 9. h3 Nxd4 10. Bxd4 e5 11. Be3 a6 12. a4 Qc7 13. a5 Be6 14. O-O Rfd8 15. Bb6 Qc6 16. Bxd8 Rxd8 17. Nd5 Qd7 18. c4 Nxd5 19. cxd5 Bxh3 20. Bxh3 Qxh3 21. Rc1 Qd7 22. Qb3 f5 23. exf5 gxf5 24. Qb6 f4 25. Rc7 Qe8 26. f3 fxg3 27. Kg2 Bf6 28. Qb3 Qg6 29. Qc2 Qxc2+ 30. Rxc2 Rd7 31. Kxg3 Bd8 32. b4 Kf7 33. Kg4 Ke8 34. Rh1 Rg7+ 35. Kf5 Kd7 36. Rhh2 Rf7+ 37. Ke4 Rf4+ 38. Ke3 Rf7 39. Rh5 h6 40. Rg2 Bg5+ 41. Ke2 Rf4 42. Rg4 Rf7 43. Rh1 Rf8 44. Rd1 Rc8 45. Rb1 Rc2+ 46. Kf1 Rd2 47. b5 axb5 48. Rxb5 Kc7 49. Rc4+ Kd8 50. Rxb7 Ra2 51. Rh7 Rxa5 52. Rb4 Ra8 53. Rbb7 Ra1+ 54. Kg2 Kc8 55. Rbg7 Bd8 56. Rh8 Ra5 57. Rgg8 Rxd5 58. Rxd8+ Kc7 59. Rdg8 Kc6 60. Rxh6 Rb5 61. Rgg6 Rd5 62. Kg3 Kc5 63. f4 Rd3+ 64. Kg4 Rd4 65. Rf6 exf4 66. Rxf4 Rd1 67. Rh5+ d5 68. Kf5 d4 69. Ke6+ Kc4 70. Kd6 Kc3 71. Kc5 d3 72. Rh3 Kc2 73. Rc4+ Kd2 74. Kd4 Ke2 75. Re3+ Kf2 76. Rxd3 Re1 77. Rc2+ Kf1 78. Rdd2 Re7 79. Rh2 Kg1 80. Rhd2 Kf1 81. Rc1+ Re1 82. Rxe1+ Kxe1 83. Ke3 Kf1 84. Ra2 Kg1 85. Kf3 Kh1 86. Kg3 Kg1 87. Ra1# 1-0


[Site "https://www.chess.com"]

[Event "Titled Tuesday Blitz March 08 Late 2022"]
[White "Meduri, Aakaash"]
[Black "Gerbelli Neto, Eduardo"]
[WhiteFideId "2032252"]
[BlackFideId "2103281"]
[WhiteElo "2096"]
[BlackElo "2178"]
[Result "0-1"]
[Round "04"]
[TimeControl "180+1"]
[Date "2022.03.09"]
[WhiteClock "0:01:42"]
[BlackClock "0:00:28"]

1. b3 e5 2. Bb2 d6 3. g3 f5 4. Bg2 Nf6 5. e3 g6 6. Ne2 Bg7 7. O-O O-O 8. d4 e4 9. c4 c6 10. Nbc3 Be6 11. Qc2 Nbd7 12. Rfd1 Qe7 13. Rac1 d5 14. Nf4 Bf7 15. c5 g5 16. Nfe2 Ng4 17. b4 a6 18. a4 Bh5 19. Rf1 f4 20. gxf4 gxf4 21. Nxf4 Rxf4 22. exf4 Qh4 23. h3 Nh6 24. Ne2 Rf8 25. Qd2 Nf5 26. b5 axb5 27. axb5 Kh8 28. Ra1 Bh6 29. Kh2 Rg8 30. Rg1 Nf6 31. Bxe4 Nxe4 32. Rxg8+ Kxg8 33. Rg1+ Kf7 34. Qe1 Bxf4+ 35. Ng3 Bg4 36. Qf1 Nexg3 37. f3 Nxf1+ 0-1


[Site "https://www.chess.com"]

[Event "Titled Tuesday Blitz March 08 Late 2022"]
[White "Mekhitarian, Krikor Sevag"]
[Black "Hnydiuk, Aleksander"]
[WhiteFideId "2107660"]
[BlackFideId "1109057"]
[WhiteElo "2598"]
[BlackElo "2374"]
[Result "0-1"]
[Round "04"]
[TimeControl "180+1"]
[Date "2022.03.08"]
[WhiteClock "0:00:03"]
[BlackClock "0:00:24"]

1. e4 Nf6 2. e5 Nd5 3. d4 d6 4. Nf3 dxe5 5. Nxe5 c6 6. Bd3 Nd7 7. Nf3 N7f6 8. h3 Nb4 9. Bc4 Bf5 10. Bb3 e6 11. O-O Be7 12. Ne5 O-O 13. c3 Nbd5 14. g4 Bxb1 15. Rxb1 c5 16. dxc5 Bxc5 17. Qe2 Qc7 18. Kg2 Rad8 19. Bd2 Bd6 20. Rbe1 Rfe8 21. f4 a6 22. h4 Nd7 23. Nd3 N7b6 24. g5 Ne7 25. Ne5 Nf5 26. Kh3 Bxe5 27. fxe5 g6 28. Bc1 Rd7 29. Bc2 Nd5 30. Rd1 b5 31. a3 Qc6 32. Rd3 Red8 33. Rdf3 Qc4 34. Qxc4 bxc4 35. Re1 Nb6 36. Re4 Rd5 37. h5 Kg7 38. h6+ Kg8 39. Re2 Kf8 40. Rf4 Ke8 41. Kg2 a5 42. Kf2 Rb5 43. Ke1 Rdd5 44. Bxf5 gxf5 45. Be3 Na4 46. Bd4 Nxb2 47. Rg2 Nd3+ 0-1


[Site "https://www.chess.com"]

[Event "Titled Tuesday Blitz March 08 Late 2022"]
[White "Melkumyan, Hrant"]
[Black "Hamitevici, Vladimir"]
[WhiteFideId "13302485"]
[BlackFideId "13902393"]
[WhiteElo "2604"]
[BlackElo "2359"]
[Result "0-1"]
[Round "04"]
[TimeControl "180+1"]
[Date "2022.03.08"]
[WhiteClock "0:00:01"]
[BlackClock "0:00:16"]

1. c4 b6 2. d4 Bb7 3. Nc3 Nf6 4. Qc2 d5 5. cxd5 Nxd5 6. e4 Nxc3 7. bxc3 e6 8. Nf3 Be7 9. Bb5+ c6 10. Bd3 c5 11. O-O cxd4 12. cxd4 O-O 13. Bb2 Nc6 14. a3 Rc8 15. Qe2 Bf6 16. Qe3 g6 17. Rad1 Na5 18. Qe2 Bg7 19. h4 Qe8 20. h5 Qa4 21. d5 exd5 22. Bxg7 Kxg7 23. exd5 Qf4 24. Qb2+ Kg8 25. Bb5 Rc5 26. hxg6 hxg6 27. a4 Rxd5 28. Rxd5 Bxd5 29. Ne5 Qe4 30. f3 Qe3+ 31. Rf2 Rc8 32. Bf1 Be6 33. f4 Rc1 34. Kh2 Nc4 35. Bxc4 Bxc4 36. Ng4 Qc3 37. Qd2 Qxd2 38. Rxd2 Be6 39. Ne5 Ra1 40. Rd4 Bb3 41. Rd3 Bxa4 42. g4 Rd1 0-1


[Site "https://www.chess.com"]

[Event "Titled Tuesday Blitz March 08 Late 2022"]
[White "Mickiewicz, Piotr"]
[Black "Supatashvili, Khvicha"]
[WhiteFideId "1114891"]
[BlackFideId "13600664"]
[WhiteElo "2427"]
[BlackElo "2706"]
[Result "1-0"]
[Round "04"]
[TimeControl "180+1"]
[Date "2022.03.09"]
[WhiteClock "0:00:22"]
[BlackClock "0:00:05"]

1. Nf3 d5 2. e3 Nf6 3. b3 c6 4. Bb2 Bf5 5. Be2 e6 6. Nh4 Bg6 7. O-O Bd6 8. Nxg6 hxg6 9. g3 Nbd7 10. d3 Qe7 11. a3 e5 12. Nd2 Qe6 13. Re1 Qh3 14. Nf1 O-O-O 15. Bf3 Bc7 16. Bg2 Qh6 17. c4 Kb8 18. cxd5 cxd5 19. Rc1 Bb6 20. b4 e4 21. Qb3 Ng4 22. h3 Nge5 23. Qxd5 Nf3+ 24. Bxf3 exf3 25. Qxf3 Qxh3 26. Rc4 Nf6 27. Bxf6 gxf6 28. d4 f5 29. Rec1 g5 30. a4 a5 31. bxa5 Bxa5 32. Rc5 Bb6 33. Rb5 Rd6 34. Rcb1 g4 35. Qg2 Rhh6 36. a5 Qxg2+ 37. Kxg2 Bc7 38. Rxb7+ Kc8 39. R7b5 Rhf6 40. Nd2 Rc6 41. Nb3 Rc2 42. Nc5 Rh6 43. a6 Rh3 44. a7 Ra2 45. Rb8+ 1-0


[Site "https://www.chess.com"]

[Event "Titled Tuesday Blitz March 08 Late 2022"]
[White "Mikhailov, Viacheslav"]
[Black "Suarez Uriel, Adrian"]
[WhiteFideId "4187369"]
[BlackFideId "22230874"]
[WhiteElo "2381"]
[BlackElo "2316"]
[Result "0-1"]
[Round "04"]
[TimeControl "180+1"]
[Date "2022.03.08"]
[WhiteClock "0:00:04"]
[BlackClock "0:00:08"]

1. Nf3 Nf6 2. g3 b6 3. Bg2 Bb7 4. O-O g6 5. c4 Bg7 6. Nc3 O-O 7. d3 c5 8. Bf4 Nc6 9. Qd2 d6 10. Bh6 e5 11. Bxg7 Kxg7 12. a3 Qd7 13. Rab1 Nd4 14. b4 Nxf3+ 15. exf3 Rac8 16. Rfe1 Rfe8 17. f4 Bxg2 18. Kxg2 exf4 19. Qxf4 d5 20. bxc5 dxc4 21. Rxe8 Qxe8 22. cxb6 cxd3 23. b7 Rb8 24. Kg1 Qd8 25. Qf3 Qd7 26. Ne4 Nxe4 27. Qxe4 Kg8 28. Rd1 Qxb7 29. Qxd3 Qb3 30. Qd6 Qb6 31. Qf4 Rd8 32. Rc1 Qd6 33. Qe3 Qd4 34. Qxd4 Rxd4 35. Rc3 h5 36. Kf1 h4 37. Ke2 g5 38. Ke3 Ra4 39. Kd3 Kg7 40. Kc2 h3 41. Kd2 Kg6 42. Ke3 g4 43. Rd3 f5 44. Ke2 Kf6 45. f3 Ke5 46. Ke3 Rc4 47. fxg4 fxg4 48. Ke2 Rc2+ 49. Ke3 Rxh2 50. Rb3 Rg2 51. Rb5+ Kf6 52. Kf4 Kg6 53. Rg5+ Kf6 54. Rxg4 Rf2+ 55. Ke3 Ra2 56. Rh4 Rxa3+ 57. Kf2 Ra2+ 58. Kf3 h2 59. g4 Kg6 60. Kf4 a5 61. g5 a4 62. Rh6+ Kg7 63. Kf5 a3 64. Rg6+ Kf7 65. Rh6 Rf2+ 66. Kg4 a2 67. Rh7+ Kg8 68. g6 a1=Q 69. Kg3 Qg1+ 0-1


[Site "https://www.chess.com"]

[Event "Titled Tuesday Blitz March 08 Late 2022"]
[White "Milanovic, Marko"]
[Black "Kozina, Anastasia"]
[WhiteFideId "980129"]
[BlackFideId "24174017"]
[WhiteElo "2159"]
[BlackElo "1993"]
[Result "1-0"]
[Round "04"]
[TimeControl "180+1"]
[Date "2022.03.09"]
[WhiteClock "0:00:08"]
[BlackClock "0:00:07"]

1. d4 e6 2. e4 d5 3. Nc3 Nf6 4. e5 Nfd7 5. f4 c5 6. Nf3 Nc6 7. Be3 a6 8. Qd2 b5 9. Be2 Qb6 10. O-O Bb7 11. Nd1 O-O-O 12. c3 f6 13. a4 b4 14. Nf2 c4 15. Nh4 b3 16. f5 exf5 17. e6 Ndb8 18. Nxf5 Ne7 19. Bg4 h5 20. Nxe7+ Bxe7 21. Bh3 Nc6 22. Rae1 Kb8 23. Bf4+ Ka8 24. g3 Rde8 25. Nd1 Nd8 26. Qe2 g5 27. Bd2 g4 28. Bg2 Bc6 29. Ne3 Qb7 30. Nf5 Bxa4 31. Nxe7 Rxe7 32. Rxf6 Rhe8 33. Qe5 Bc6 34. Qxh5 Nxe6 35. Qxg4 Nc7 36. Rxe7 Rxe7 37. h4 Ne8 38. Rf8 Ka7 39. h5 Rg7 40. Qf4 Qe7 41. Bf3 Nc7 42. Rf6 Ne6 43. Qe5 Bd7 44. Bxd5 Rxg3+ 45. Qxg3 Qxf6 46. Bxe6 Bxe6 47. h6 Bd5 48. Be3 Bb7 49. d5+ Ka8 50. Qg8+ Bc8 51. Qxc8# 1-0


[Site "https://www.chess.com"]

[Event "Titled Tuesday Blitz March 08 Late 2022"]
[White "Mirzoev, Azer"]
[Black "Fiorito, Fabian"]
[WhiteFideId "13400304"]
[BlackFideId "100200"]
[WhiteElo "2685"]
[BlackElo "2440"]
[Result "1-0"]
[Round "04"]
[TimeControl "180+1"]
[Date "2022.03.09"]
[WhiteClock "0:02:09"]
[BlackClock "0:01:19"]

1. c4 Nf6 2. Nc3 e6 3. g3 d5 4. d4 c6 5. Nf3 dxc4 6. Bg2 b5 7. O-O a6 8. Ne5 Bb7 9. a4 b4 10. Ne4 Nbd7 11. Nxf6+ Qxf6 12. Nxc4 Be7 13. Na5 Bc8 14. Nxc6 Bb7 15. Bf4 Rc8 16. Rc1 Nb6 17. Be5 Qg6 18. Nxe7 Rxc1 19. Qxc1 Kxe7 20. Qc7+ 1-0


[Site "https://www.chess.com"]

[Event "Titled Tuesday Blitz March 08 Late 2022"]
[White "Miszler, Levente"]
[Black "Krishnan, Varun"]
[WhiteFideId "763276"]
[BlackFideId "5054508"]
[WhiteElo "2376"]
[BlackElo "2528"]
[Result "1-0"]
[Round "04"]
[TimeControl "180+1"]
[Date "2022.03.09"]
[WhiteClock "0:00:11"]
[BlackClock "0:00:01"]

1. Nf3 d5 2. c4 e6 3. g3 Nf6 4. Bg2 Be7 5. O-O O-O 6. d4 dxc4 7. Qc2 a6 8. a4 Bd7 9. Ne5 Bc6 10. Nxc6 Nxc6 11. e3 Na5 12. Nd2 c5 13. dxc5 Bxc5 14. Nxc4 Rc8 15. Rd1 Qc7 16. Nxa5 Qxa5 17. Qb3 b5 18. Bd2 b4 19. Rac1 Rfd8 20. Rc2 Ng4 21. Rdc1 Qb6 22. Bxb4 a5 23. Rxc5 Rxc5 24. Rxc5 axb4 25. Rc4 Ne5 26. Rxb4 Qc7 27. h4 h5 28. Qc3 Rd1+ 29. Bf1 Nf3+ 30. Kg2 Ne1+ 31. Kh1 Qd7 32. Be2 Rd2 33. Qc4 Rc2 34. Qe4 Rc8 35. Rd4 Qc7 36. Rd1 Nc2 37. Rc1 Qc5 38. Bd3 Qa5 39. Rxc2 1-0


[Site "https://www.chess.com"]

[Event "Titled Tuesday Blitz March 08 Late 2022"]
[White "Mkrtchyan, Mariam"]
[Black "Dias, Joao Batista"]
[WhiteFideId "13310828"]
[BlackFideId "2108240"]
[WhiteElo "1984"]
[BlackElo "1898"]
[Result "1/2-1/2"]
[Round "04"]
[TimeControl "180+1"]
[Date "2022.03.09"]
[WhiteClock "0:00:13"]
[BlackClock "0:01:10"]

1. Nf3 Nf6 2. g3 g6 3. Bg2 Bg7 4. O-O O-O 5. c4 c6 6. d4 d6 7. Nc3 Nbd7 8. e4 Re8 9. h3 e5 10. Re1 exd4 11. Nxd4 Ne5 12. b3 Qc7 13. Be3 Ned7 14. Qc2 Nc5 15. Rad1 Be6 16. a3 Rad8 17. Kh2 h5 18. f4 Bc8 19. b4 Ne6 20. Kh1 a6 21. Qf2 Nd7 22. Rd3 Nxd4 23. Bxd4 Bxd4 24. Rxd4 b5 25. Red1 Nb6 26. c5 dxc5 27. Rxd8 Rxd8 28. Qxc5 Rxd1+ 29. Nxd1 Nc4 30. e5 Qd7 31. Nf2 Bb7 32. Ne4 Qd1+ 33. Kh2 Qe2 34. Nf6+ Kg7 35. Ne8+ Kg8 36. Nf6+ Kg7 37. Ne8+ Kg8 38. Nf6+ 1/2-1/2


[Site "https://www.chess.com"]

[Event "Titled Tuesday Blitz March 08 Late 2022"]
[White "Moksh Amit Doshi"]
[Black "Muradli, Mahammad"]
[WhiteFideId "25064967"]
[BlackFideId "13409301"]
[WhiteElo "2245"]
[BlackElo "2611"]
[Result "0-1"]
[Round "04"]
[TimeControl "180+1"]
[Date "2022.03.08"]
[WhiteClock "0:00:21"]
[BlackClock "0:00:08"]

1. d4 d6 2. Nf3 g6 3. g3 Bg7 4. Bg2 Nf6 5. O-O O-O 6. c4 c5 7. Nc3 Nc6 8. dxc5 dxc5 9. Be3 b6 10. Ne5 Nxe5 11. Bxa8 Nxc4 12. Qxd8 Rxd8 13. Rad1 Rf8 14. Bc1 Bf5 15. Bf3 Bc2 16. Nd5 Re8 17. Nxf6+ Bxf6 18. Rd7 a6 19. Ra7 a5 20. Bc6 Rd8 21. b3 Ne5 22. Bg2 Bb1 23. Rb7 Bxa2 24. Rxb6 c4 25. bxc4 Bxc4 26. Re1 Bxe2 27. Rxe2 Rd1+ 28. Bf1 Rxc1 29. Ra2 Ng4 30. h3 Ne5 31. Kg2 Kg7 32. Rxa5 h5 33. Ra2 Nd7 34. Rbb2 Bxb2 35. Rxb2 Nf6 36. Re2 Rc7 37. Re3 e6 38. h4 Nd5 39. Re2 Rc3 40. Rd2 Ra3 41. Be2 Nb4 42. Bf3 Ra2 43. Rd4 Nc2 44. Re4 Ra1 45. Kh2 Rc1 46. Rc4 Ne1 47. Rxc1 Nxf3+ 48. Kg2 Nd4 49. Rd1 Nf5 50. f3 Ne3+ 51. Kf2 Nxd1+ 52. Ke2 Nc3+ 53. Kd3 Nd5 54. Ke4 f6 55. g4 f5+ 56. Ke5 fxg4 57. fxg4 hxg4 58. Kxe6 g3 59. Kxd5 g2 0-1


[Site "https://www.chess.com"]

[Event "Titled Tuesday Blitz March 08 Late 2022"]
[White "Morris-Suzuki, Sophie"]
[Black "Sarkar, Justin"]
[WhiteFideId "30922615"]
[BlackFideId "2010011"]
[WhiteElo "2495"]
[BlackElo "2038"]
[Result "1-0"]
[Round "04"]
[TimeControl "180+1"]
[Date "2022.03.09"]
[WhiteClock "0:01:07"]
[BlackClock "0:00:02"]

1. d4 Nf6 2. c4 e6 3. Nc3 Bb4 4. e3 O-O 5. a3 Bxc3+ 6. bxc3 c5 7. Bd3 Nc6 8. Ne2 b6 9. e4 Ba6 10. Bg5 Qc8 11. Bxf6 gxf6 12. O-O Na5 13. Ng3 Kh8 14. Qh5 Bxc4 15. Qh6 Qd8 16. Nh5 Rg8 17. Nxf6 Rg7 18. Rfd1 Qc7 19. e5 Bxd3 20. Rxd3 1-0


[Site "https://www.chess.com"]

[Event "Titled Tuesday Blitz March 08 Late 2022"]
[White "Moussard, Jules"]
[Black "Munoz, Francisco Javier"]
[WhiteFideId "642908"]
[BlackFideId "128368"]
[WhiteElo "2823"]
[BlackElo "2441"]
[Result "1/2-1/2"]
[Round "04"]
[TimeControl "180+1"]
[Date "2022.03.09"]
[WhiteClock "0:02:09"]
[BlackClock "0:00:10"]

1. f3 d5 2. Kf2 e5 3. Ke3 Bc5+ 4. Kd3 e4+ 5. Kc3 d4+ 6. Kb3 Be6+ 7. c4 dxc3+ 8. Kc2 cxb2 9. Bxb2 Nf6 10. fxe4 Nxe4 11. d4 Bb6 12. Nh3 Nc6 13. e3 Nb4+ 14. Kc1 O-O 15. a3 Nd5 16. Qf3 f5 17. Bd3 Ndf6 18. Nf4 Bf7 19. Nc3 c5 20. d5 c4 21. Bxe4 fxe4 22. Qg3 Re8 23. Rd1 g6 24. d6 Rc8 25. Kc2 Qd7 26. h4 Ng4 27. Nfd5 Bxd5 28. Nxd5 c3 29. Qxg4 cxb2+ 30. Kxb2 Qb5+ 31. Nb4 Rc4 32. d7 Rxb4+ 33. axb4 Qxb4+ 34. Kc2 Qc4+ 35. Kd2 Qd3+ 36. Ke1 Qxe3+ 37. Qe2 Qg3+ 38. Kd2 Rd8 39. Qc4+ Kg7 40. Qc3+ Qxc3+ 41. Kxc3 Kf6 42. Ra4 e3 43. Re4 Kf5 44. Re8 Kf4 45. Kd3 Rxd7+ 46. Ke2 Rxd1 47. Kxd1 Kg3 48. Rh8 Kxh4 49. Rxh7+ Kg3 50. Rg7 Kxg2 51. Rxg6+ Kf3 52. Rf6+ Ke4 53. Ke2 Kd5 54. Rf7 Kc6 55. Rf6+ Kb5 56. Kd3 a5 57. Rf5+ Ka6 58. Kc4 Ba7 59. Re5 b6 60. Re6 Kb7 61. Kb5 Bb8 62. Re7+ Kc8 63. Kc6 Kd8 64. Rxe3 Bh2 65. Rh3 Bg1 66. Rg3 Bc5 67. Rg7 Ke8 68. Ra7 Kf8 69. Kd5 Ke8 70. Ke6 Kd8 71. Kd5 Ke8 72. Ke5 Kd8 73. Kd5 Ke8 1/2-1/2


[Site "https://www.chess.com"]

[Event "Titled Tuesday Blitz March 08 Late 2022"]
[White "Myers, Dominique"]
[Black "Hartikainen, Jarmo"]
[WhiteFideId "2041715"]
[BlackFideId "503134"]
[WhiteElo "1986"]
[BlackElo "2105"]
[Result "1/2-1/2"]
[Round "04"]
[TimeControl "180+1"]
[Date "2022.03.09"]
[WhiteClock "0:00:48"]
[BlackClock "0:00:03"]

1. e4 c5 2. Nf3 Nc6 3. d4 cxd4 4. Nxd4 Nf6 5. Nc3 d6 6. Bg5 e6 7. Qd3 a6 8. O-O-O Bd7 9. f4 h6 10. Bh4 Rc8 11. Kb1 Be7 12. g4 Qc7 13. h3 b5 14. Rh2 Na5 15. Nb3 Nc4 16. f5 Na3+ 17. Ka1 b4 18. bxa3 Qxc3+ 19. Qxc3 bxc3 20. Bd3 O-O 21. g5 hxg5 22. Bxg5 exf5 23. exf5 d5 24. Rg1 Rc6 25. Rhg2 Kh8 26. Nd4 Rb6 27. Re2 Bxa3 28. Nb3 Bb2+ 29. Kb1 Re8 30. Bxf6 Rxf6 31. Rxe8+ Bxe8 32. Re1 Bd7 33. Nd4 Rh6 34. Re7 Bb5 35. Nxb5 axb5 36. Re8+ Kh7 37. f6+ g6 38. Rf8 Rxh3 39. Rxf7+ Kh6 40. a4 Rh1+ 41. Ka2 Ra1+ 42. Kb3 Rxa4 43. Rf8 Ra3+ 44. Kb4 Ra4+ 45. Kxb5 Rf4 46. Kc5 Ba3+ 47. Kxd5 Bxf8 48. Ke6 Rf2 49. Kf7 Bb4 50. Bxg6 Kg5 51. Bd3 Rxf6+ 52. Kg7 Rd6 53. Be4 Rd4 54. Bc6 Rd2 55. Ba4 Kf4 56. Kf6 Ke3 57. Ke5 Rd8 58. Bb3 Kd2 59. Ke4 Ra8 60. Kd4 Ra2 61. Kc4 Ba5 62. Bxa2 Kxc2 63. Bb3+ Kd2 64. Ba4 c2 65. Bxc2 1/2-1/2


[Site "https://www.chess.com"]

[Event "Titled Tuesday Blitz March 08 Late 2022"]
[White "Nakamura, Hikaru"]
[Black "Suder, Jakub"]
[WhiteFideId "2016192"]
[BlackFideId "1195310"]
[WhiteElo "2850"]
[BlackElo "2058"]
[Result "1-0"]
[Round "04"]
[TimeControl "180+1"]
[Date "2022.03.08"]
[WhiteClock "0:02:17"]
[BlackClock "0:01:05"]

1. Nf3 e6 2. b3 Nf6 3. Bb2 g6 4. e4 d6 5. g3 Bg7 6. Bg2 O-O 7. d3 a5 8. a3 Nc6 9. O-O Ne8 10. d4 e5 11. dxe5 Bg4 12. Qc1 dxe5 13. Nc3 Bxf3 14. Bxf3 Nd4 15. Bg2 c6 16. Rd1 Qe7 17. a4 Nd6 18. Qd2 Rfd8 19. Ne2 Nxe2+ 20. Qxe2 Ne8 21. Qc4 Rxd1+ 22. Rxd1 Rd8 23. Qe2 Nc7 24. Bc3 b6 25. Rxd8+ Qxd8 26. Qc4 Qd7 27. h4 h5 28. Bf1 Bf8 29. Bxe5 Ne6 30. Qd3 Qe8 31. Bb2 Nc5 32. Qc3 1-0


[Site "https://www.chess.com"]

[Event "Titled Tuesday Blitz March 08 Late 2022"]
[White "Nikologorsky, Matfei"]
[Black "Chiu, Isaac"]
[WhiteFideId "24102474"]
[BlackFideId "30900654"]
[WhiteElo "2313"]
[BlackElo "2635"]
[Result "1-0"]
[Round "04"]
[TimeControl "180+1"]
[Date "2022.03.09"]
[WhiteClock "0:00:42"]
[BlackClock "0:00:07"]

1. e4 c6 2. d4 d5 3. Nc3 dxe4 4. Nxe4 Nf6 5. Nxf6+ exf6 6. c3 Bd6 7. Bd3 O-O 8. Ne2 Re8 9. O-O Nd7 10. Bf4 Nf8 11. Bxd6 Qxd6 12. Ng3 g6 13. Qd2 f5 14. Qh6 Ne6 15. Rfe1 Bd7 16. Nxf5 gxf5 17. Bxf5 Qf4 18. Bxh7+ Kh8 19. Rxe6 Qxh6 20. Rxh6 Kg7 21. Rh4 Rh8 22. Re1 Rxh7 23. Rhe4 Rh6 24. Re7 Re6 25. R1xe6 Bxe6 26. Rxb7 Bxa2 27. f4 Bd5 28. Kf2 a5 29. g4 a4 30. Rb4 Bb3 31. h4 Kf6 32. h5 Rg8 33. Kg3 Be6 34. g5+ Kf5 35. Rxa4 Rb8 36. Ra5+ Ke4 37. Re5+ Kd3 38. f5 Bc4 39. h6 Rxb2 40. Re8 Rb1 41. h7 Rh1 42. g6 fxg6 43. fxg6 Rg1+ 44. Kf2 Rxg6 45. h8=Q Kxc3 46. d5+ Kd3 47. Re3+ Kc2 48. Qc3+ Kb1 49. Re1+ Ka2 50. Ra1# 1-0


[Site "https://www.chess.com"]

[Event "Titled Tuesday Blitz March 08 Late 2022"]
[White "Papasimakopoulos, Alexandros"]
[Black "Bellahcene, Bilel"]
[WhiteFideId "4244125"]
[BlackFideId "696358"]
[WhiteElo "2340"]
[BlackElo "2562"]
[Result "1-0"]
[Round "04"]
[TimeControl "180+1"]
[Date "2022.03.08"]
[WhiteClock "0:00:27"]
[BlackClock "0:00:02"]

1. d4 d5 2. c4 dxc4 3. Nf3 Nf6 4. e3 e6 5. Bxc4 a6 6. O-O b5 7. Bd3 Bb7 8. a4 b4 9. Nbd2 c5 10. b3 Nbd7 11. Bb2 Bd6 12. Nc4 Be7 13. Qe2 O-O 14. a5 Qb8 15. Rfd1 Ne4 16. Nfe5 Nxe5 17. dxe5 Ra7 18. Qc2 f5 19. exf6 Nxf6 20. Be5 Qe8 21. Nd6 Qh5 22. Bg3 Ba8 23. Ne4 Rd7 24. Nxf6+ Bxf6 25. Rac1 Rfd8 26. Be2 Rxd1+ 27. Rxd1 Rxd1+ 28. Bxd1 Qf5 29. Qc1 Bc3 30. h3 Bd5 31. Bc2 Be4 32. Bxe4 Qxe4 33. Qf1 c4 34. Qd1 Qd3 35. Qxd3 cxd3 36. Kf1 Kf7 37. f3 Ke8 38. e4 Kd7 39. Kf2 Bd2 40. Be5 g6 41. f4 Bc3 42. Bb8 Bd4+ 43. Ke1 Be3 44. g4 Kc6 45. Kd1 Kb5 46. Be5 Kxa5 47. f5 exf5 48. exf5 gxf5 49. gxf5 Kb5 50. f6 Bc5 51. Kd2 Kc6 52. f7 Bf8 53. Kxd3 Kd5 54. Bg3 Ke6 55. Kc4 Kxf7 56. Be1 Ke6 57. Bxb4 Bxb4 58. Kxb4 Kd5 59. Ka5 Kc6 60. Kxa6 Kc5 61. Ka5 Kc6 62. b4 Kc7 63. Ka6 Kc6 64. b5+ Kc7 65. Ka7 1-0


[Site "https://www.chess.com"]